Map: King's Cove LE

Players

Astrea - Winner!

  • Race: Protoss Protoss
  • League: Master
  • Spawn Location: 5:00

TIME (Oliveira)

  • Race: Terran Terran
  • Spawn Location: 11:00

Event: 2019 WCS Winter Americas

VOD

Have the link to the VOD?

Description

Time

  • Played on: Feb. 17, 2019, 4:25 p.m.
  • Length: 11:49

All games in this series

Show
View Real Time Build Order
Export as new Build Order

Astrea Protoss - Winner!

Build Orders: 1 Gate Expand, Oracle Opening, Phoenix Opening, Zealot Archon 

Get SALT Encoding   

  12  0:00  Probe  
  13  0:12  Probe  
  14  0:18  Pylon  
  14  0:24  Probe  
  15  0:32  Probe  
  15  0:37  Gateway  
  15  0:40  Probe  
  16  0:48  Assimilator  
  17  0:51  Probe  
  18  1:03  Probe  
  19  1:15  Probe  
  20  1:26  Nexus  
  20  1:35  Cybernetics Core  
  20  1:38  Probe  
  21  1:44  Assimilator  
  21  1:50  Probe  
  22  1:54  Pylon  
  22  2:02  Probe, Adept  
  23  2:14  Probe  
  26  2:21  Stargate  
  26  2:25  Adept  
  26  2:26  Probe  
  26  2:28  Warp Gate  
  29  2:39  Probe x2  
  31  2:47  Probe  
  31  2:51  Probe  
  33  2:53  Adept  
  33  2:55  Probe  
  33  2:56  Oracle  
  35  3:03  Probe  
  37  3:07  Probe  
  41  3:15  Probe  
  41  3:17  Pylon  
  41  3:19  Probe  
  43  3:28  Probe  
  43  3:31  Probe  
  48  3:45  Probe x2  
  45  3:55  Probe  
  45  3:56  Phoenix  
  45  3:57  Probe  
  49  4:03  Probe  
  49  4:05  Nexus  
  49  4:06  Pylon  
  49  4:09  Probe  
  51  4:12  Probe  
  51  4:15  Forge, Twilight Council  
  52  4:21  Probe  
  52  4:23  Assimilator, Probe  
  52  4:24  Assimilator  
  54  4:27  Phoenix  
  56  4:33  Probe  
  56  4:35  Probe  
  49  4:44  Probe  
  50  4:45  Probe  
  50  4:52  Probe  
  51  4:54  Probe  
  51  5:00  Charge, Protoss Ground Armor Level 1, Probe  
  51  5:02  Probe  
  48  5:12  Phoenix, Probe  
  51  5:14  Probe  
  51  5:17  Sentry  
  51  5:20  Probe  
  54  5:23  Gateway  
  54  5:24  Probe  
  54  5:25  Gateway  
  54  5:26  Probe  
  54  5:28  Probe, Gateway  
  58  5:36  Probe  
  58  5:38  Probe  
  58  5:39  Phoenix  
  58  5:40  Probe  
  63  5:48  Probe  
  64  5:50  Probe  
  64  5:52  Probe  
  64  5:56  Templar Archives  
  66  6:00  Probe, Gateway  
  66  6:02  Probe  
  69  6:04  Probe  
  69  6:05  Phoenix  
  71  6:12  Probe, Pylon  
  71  6:13  Gateway  
  71  6:15  Probe  
  71  6:16  Probe  
  74  6:28  Probe x2, Pylon  
  74  6:29  Phoenix, Pylon  
  78  6:37  Zealot, High Templar x2, Probe  
  85  6:46  Phoenix, Probe  
  86  6:47  Archon  
  86  6:49  Zealot  
  86  6:57  Protoss Ground Armor Level 2  
  88  7:04  Zealot x2  
  88  7:07  Pylon  
  92  7:09  Pylon, Robotics Facility  
  92  7:10  Phoenix  
  92  7:11  Zealot x3  
  92  7:12  Assimilator  
  100  7:26  Zealot x3  
  106  7:32  Zealot x3  
  112  7:43  Pylon  
  112  7:44  Pylon  
  112  7:50  Zealot x2  
  116  7:53  Pylon  
  116  7:54  Pylon  
  116  8:00  Pylon  
  116  8:01  Immortal  
  114  8:07  Zealot x4  
  114  8:09  Probe x2  
  114  8:10  Probe  
  104  8:17  Probe  
  104  8:18  Psionic Storm, Probe x2  
  102  8:23  Assimilator  
  102  8:26  Probe  
  104  8:28  Probe x2  
  104  8:29  High Templar x2  
  104  8:30  Zealot x3  
  117  8:38  Probe  
  117  8:40  Probe x2  
  120  8:42  Warp Prism  
  120  8:47  Protoss Ground Weapons Level 1  
  120  8:48  Pylon  
  122  8:51  Probe  
  122  8:52  Probe  
  122  8:53  Nexus  
  120  9:04  High Templar x2  
  120  9:05  Zealot x3  
  120  9:08  Probe x3  
  133  9:16  Forge  
  133  9:20  Probe x3  
  134  9:26  Immortal  
  130  9:32  Probe  
  135  9:43  High Templar x2  
  135  9:44  Zealot x2, High Templar x2  
  147  9:49  Gateway  
  147  9:53  Gateway x2  
  147  9:55  Gateway  
  147  10:09  Immortal  
  147  10:12  High Templar x2  
  155  10:16  Pylon  
  155  10:17  Archon  
  155  10:18  Archon  
  155  10:20  Zealot x4  
  159  10:40  Assimilator, High Templar  
  159  10:41  Zealot x2, Assimilator, High Templar  
  167  10:47  Pylon  
  167  10:48  Immortal, Pylon  
  171  10:52  Pylon  
  171  10:53  Zealot x5  
  181  10:57  Zealot  
  181  11:03  Probe x3  
  185  11:05  Pylon  
  185  11:07  High Templar x2  
  189  11:12  Archon  
  189  11:16  Zealot x5  
  161  11:40  Zealot x10  
Show
View Real Time Build Order
Export as new Build Order

TIME Terran 

Build Orders: Gas First Reaper Expand, Liberator Opening 

Get SALT Encoding   

  12  0:00  SCV  
  13  0:13  SCV  
  14  0:18  Supply Depot  
  14  0:25  SCV  
  15  0:29  Refinery  
  15  0:39  SCV  
  16  0:46  Barracks  
  16  0:52  SCV  
  17  1:04  SCV  
  18  1:16  SCV  
  19  1:35  Orbital Command  
  19  1:36  Reaper  
  20  1:50  Command Center  
  20  1:58  Factory  
  20  2:02  SCV  
  21  2:09  Refinery  
  21  2:11  Barracks Reactor  
  21  2:14  SCV  
  22  2:20  Supply Depot  
  22  2:26  SCV  
  23  2:41  SCV  
  24  2:47  Starport  
  24  2:53  SCV  
  24  2:54  Hellion x2  
  29  3:02  Orbital Command  
  29  3:04  Barracks Tech Lab  
  29  3:06  SCV  
  29  3:10  Orbital Command  
  30  3:15  Widow Mine  
  30  3:17  Widow Mine  
  34  3:21  SCV  
  34  3:23  Medivac  
  36  3:36  Widow Mine  
  36  3:37  SCV x2  
  36  3:38  Widow Mine  
  36  3:39  Liberator  
  38  3:50  SCV x2, Barracks  
  38  3:55  Supply Depot  
  43  4:06  Marine x2  
  43  4:08  SCV  
  46  4:12  Supply Depot  
  46  4:17  SCV, Cyclone  
  50  4:20  Engineering Bay  
  50  4:23  Marine x2  
  52  4:25  SCV  
  52  4:30  SCV  
  54  4:37  SCV  
  52  4:38  Barracks Tech Lab  
  52  4:44  Marine x2  
  51  4:46  SCV  
  51  4:49  Siege Tank  
  51  4:52  SCV  
  51  4:57  Marine  
  51  4:58  SCV, Stimpack  
  52  5:02  Marine  
  52  5:03  Marine  
  52  5:04  SCV  
  54  5:09  Barracks  
  54  5:11  Starport Reactor  
  54  5:12  SCV  
  53  5:16  SCV  
  53  5:19  Terran Infantry Weapons Level 1  
  52  5:24  SCV, Marine  
  52  5:28  SCV, Refinery, Marine  
  56  5:31  Marine  
  56  5:33  Supply Depot  
  57  5:37  SCV  
  57  5:42  Marine  
  59  5:44  SCV  
  59  5:45  Marine  
  61  5:51  Marine  
  61  5:54  Supply Depot  
  61  5:55  SCV, Siege Tank  
  66  5:59  SCV  
  66  6:03  Marine  
  66  6:04  Marine x2  
  69  6:08  Starport Reactor, Supply Depot  
  70  6:14  Supply Depot  
  70  6:15  SCV, Marine x2  
  70  6:17  SCV  
  74  6:21  Marine x2  
  74  6:22  Marine  
  77  6:28  SCV  
  77  6:30  SCV, Siege Tank  
  77  6:32  Supply Depot  
  82  6:33  Marine x2  
  82  6:39  Marine  
  85  6:40  SCV  
  85  6:47  Medivac x2  
  90  6:54  Marine  
  90  7:01  Missile Turret, Combat Shield  
  87  7:02  Siege Tank, Marine x3  
  87  7:05  SCV x2  
  94  7:11  Marine  
  95  7:16  Terran Infantry Armor Level 1  
  95  7:18  SCV  
  95  7:20  Marine, Supply Depot  
  95  7:22  Command Center  
  97  7:24  Marine x2  
  97  7:26  Marine  
  97  7:28  Marine  
  97  7:29  SCV  
  102  7:37  Supply Depot, Refinery  
  101  7:41  Siege Tank  
  101  7:42  Supply Depot  
  104  7:44  SCV  
  104  7:48  Marine  
  104  7:49  Marine x3  
  104  7:50  Marine  
  110  8:03  Barracks  
  110  8:05  Barracks  
  95  8:10  Marine  
  95  8:11  Marine  
  95  8:12  Marine x3  
  73  8:15  SCV  
  73  8:16  SCV  
  74  8:22  Siege Tank  
  74  8:24  Medivac x2  
  78  8:28  SCV x2  
  78  8:31  Marine  
  81  8:36  Orbital Command  
  81  8:38  Marine  
  81  8:40  SCV  
  83  8:42  Marine  
  83  8:43  Missile Turret  
  83  8:44  SCV  
  83  8:47  Marine  
  86  8:49  Missile Turret  
  86  8:50  Barracks Reactor  
  86  8:52  SCV, Barracks Reactor  
  86  8:54  Marine  
  88  8:57  Marine  
  88  8:59  Siege Tank  
  88  9:00  SCV  
  88  9:01  SCV  
  94  9:04  SCV  
  94  9:05  Marine x3  
  98  9:10  Armory  
  98  9:13  SCV, Engineering Bay  
  98  9:16  SCV, Marine x2  
  102  9:17  SCV  
  102  9:23  Marine x3  
  106  9:26  SCV  
  106  9:27  Refinery  
  106  9:28  Refinery  
  106  9:30  Marine  
  102  9:32  SCV  
  102  9:33  Siege Tank  
  102  9:34  Marine x4  
  102  9:35  Marine  
  102  9:38  Medivac x2  
  115  9:39  SCV  
  115  9:42  SCV  
  115  9:45  Marine x3  
  119  9:48  Marine  
  119  9:52  Marine  
  122  9:53  Marine, Supply Depot  
  122  9:54  Marine x2  
  122  9:56  Liberator  
  124  10:03  Marine  
  124  10:06  Siege Tank  
  127  10:09  Marine x2  
  127  10:10  Marine x2  
  134  10:17  Medivac  
  134  10:18  Marine  
  134  10:20  Marine x3  
  134  10:21  Marine  
  141  10:25  Supply Depot  
  141  10:26  Factory  
  141  10:27  Marine  
  142  10:31  Supply Depot  
  142  10:33  Supply Depot, Marine x2  
  142  10:37  Marine x2  
  142  10:38  Marine  
  144  10:44  Siege Tank  
  144  10:47  Marine x2  
  149  10:50  Supply Depot  
  149  10:51  Marine x2  
  149  10:52  Supply Depot  
  149  10:53  Marine  
  149  10:55  Medivac  
  154  10:58  Supply Depot  
  154  11:06  Marine x3  
  154  11:10  Medivac  
  154  11:11  Marine x2  
  160  11:14  Marine x2  
  160  11:16  Marine  
  160  11:18  Factory Tech Lab  
  158  11:26  Command Center  
Tags
 
Add a new tag
Caveats
  • Supply blocks, unpowered buildings, or Contaminate may cause inaccurate times.
  • Supply counts are checked every 10 seconds.